Map: [ESL] Ghost River

Players

milkicow

  • Race: Terran Terran
  • Spawn Location: 11:00

MaNa - Winner!

  • Race: Protoss Protoss
  • Spawn Location: 1:00

Event: ESL SC2 Masters 2024 Spring (Regional)

VOD

Have the link to the VOD?

Description

Time

  • Played on: April 13, 2024, 1:01 p.m.
  • Length: 8:07

All games in this series

Show
View Real Time Build Order
Export as new Build Order

milkicow Terran 

Build Orders: 1/1/1 

Get SALT Encoding   

  12  0:00  SCV  
  13  0:12  SCV  
  14  0:17  Supply Depot  
  14  0:24  SCV  
  15  0:39  SCV  
  15  0:42  Barracks  
  16  0:46  Refinery  
  16  0:52  SCV  
  16  0:53  Refinery  
  17  1:04  SCV  
  18  1:18  SCV  
  19  1:31  Orbital Command  
  19  1:34  Factory  
  19  1:42  Reaper  
  19  1:46  Supply Depot  
  20  1:56  SCV  
  21  2:08  SCV  
  22  2:15  Barracks Reactor  
  22  2:18  Hellion  
  22  2:20  SCV  
  22  2:21  Starport  
  25  2:32  SCV  
  26  2:42  Hellion  
  28  2:50  Command Center  
  29  2:56  Supply Depot  
  29  2:57  Marine  
  29  2:59  Marine  
  30  3:14  SCV  
  30  3:17  Medivac  
  30  3:18  Widow Mine, Marine x2  
  36  3:35  SCV  
  36  3:36  Marine x2  
  39  3:47  Bunker  
  39  3:49  Factory Tech Lab  
  39  3:53  Starport Tech Lab  
  39  4:02  SCV, Marine x2  
  40  4:11  Siege Tank  
  40  4:12  SCV  
  41  4:19  Marine x2  
  41  4:20  SCV  
  34  4:25  SCV  
  34  4:26  Raven  
  35  4:32  SCV  
  35  4:37  Marine x2  
  39  4:38  Orbital Command  
  39  4:44  SCV  
  39  4:48  Siege Tank  
  42  4:55  Marine x2  
  42  4:56  SCV  
  45  5:05  SCV  
  46  5:08  SCV  
  46  5:13  Marine x2  
  46  5:14  Banshee  
  50  5:17  Orbital Command  
  50  5:21  SCV  
  50  5:24  Siege Tank  
  52  5:29  Supply Depot  
  52  5:31  Marine x2  
  54  5:39  Bunker  
  54  5:46  Supply Depot  
  54  5:50  SCV x2, Marine  
  54  5:56  Barracks  
  57  6:02  SCV x2  
  59  6:04  Siege Tank  
  59  6:05  Starport Reactor  
  62  6:12  Marine x2  
  62  6:15  SCV  
  64  6:19  SCV  
  62  6:27  SCV  
  62  6:30  Marine x2  
  62  6:31  SCV  
  66  6:34  Refinery  
  66  6:35  Engineering Bay  
  66  6:36  Barracks  
  66  6:39  SCV  
  67  6:41  Supply Depot  
  67  6:43  SCV  
  57  6:48  Marine  
  57  6:50  Siege Tank  
  57  6:51  SCV  
  57  6:52  Marine  
  61  6:55  SCV  
  61  7:00  Marauder  
  64  7:03  SCV  
  64  7:06  Marine  
  64  7:07  SCV  
  57  7:10  Marine  
  57  7:15  SCV, Medivac  
  57  7:19  SCV  
  57  7:21  Command Center, Marine  
  59  7:24  Marine  
  60  7:31  Marine  
  60  7:33  SCV, Supply Depot  
  60  7:35  SCV, Medivac, Factory Reactor  
  64  7:38  Marine  
  64  7:39  Marine  
  66  7:45  SCV  
  66  7:47  SCV  
  66  7:49  Marine  
Show
View Real Time Build Order
Export as new Build Order

MaNa Protoss - Winner!

Build Orders: 1 Gate Expand 

Get SALT Encoding   

  12  0:00  Probe  
  13  0:12  Probe  
  14  0:17  Pylon  
  14  0:24  Probe  
  15  0:36  Probe  
  15  0:39  Gateway  
  16  0:46  Assimilator  
  16  0:48  Probe (Chrono Boost)  
  17  0:58  Probe (Chrono Boost)  
  17  1:03  Probe (Chrono Boost)  
  19  1:15  Probe  
  20  1:26  Cybernetics Core  
  20  1:36  Nexus  
  20  1:38  Probe  
  21  1:45  Assimilator  
  21  1:50  Pylon  
  21  1:52  Probe  
  22  1:59  Warp Gate (Chrono Boost)  
  22  2:05  Probe, Adept (Chrono Boost)  
  25  2:17  Probe  
  25  2:18  Pylon  
  26  2:25  Adept (Chrono Boost)  
  26  2:29  Probe  
  29  2:36  Gateway  
  29  2:41  Probe  
  30  2:47  Probe  
  30  2:53  Probe  
  30  2:54  Gateway  
  31  2:59  Probe  
  31  3:06  Probe  
  31  3:12  Probe  
  33  3:18  Probe  
  34  3:24  Probe  
  34  3:26  Twilight Council  
  34  3:40  Stalker x2  
  37  3:49  Stalker  
  37  3:50  Probe  
  37  3:52  Probe  
  41  4:07  Stalker x2  
  44  4:12  Stalker  
  44  4:15  Probe  
  44  4:23  Blink (Chrono Boost)  
  41  4:28  Probe (Chrono Boost)  
  43  4:32  Adept  
  43  4:33  Probe (Chrono Boost)  
  46  4:40  Probe (Chrono Boost)  
  46  4:41  Adept  
  46  4:43  Probe (Chrono Boost)  
  46  4:45  Probe (Chrono Boost)  
  49  4:48  Probe  
  51  4:54  Probe  
  52  5:00  Robotics Facility, Probe  
  52  5:06  Probe  
  54  5:16  Probe  
  54  5:18  Probe  
  54  5:20  Stalker  
  54  5:22  Pylon  
  54  5:29  Pylon  
  54  5:40  Probe x2  
  56  5:43  Nexus  
  56  5:44  Warp Prism (Chrono Boost)  
  56  5:49  Sentry  
  60  5:52  Probe  
  60  5:56  Shield Battery  
  61  5:57  Stalker  
  61  5:59  Stalker  
  65  6:07  Charge (Chrono Boost)  
  65  6:09  Assimilator, Observer  
  65  6:10  Probe x2  
  62  6:30  Stalker x3  
  58  6:49  Probe x2  
  58  6:54  Zealot, Stalker x2  
  62  6:55  Probe  
  62  7:00  Observer  
  66  7:01  Probe x2  
  66  7:07  Probe  
  65  7:13  Probe x2  
  67  7:16  Pylon  
  67  7:17  Gateway  
  67  7:18  Stalker x3, Gateway  
  67  7:19  Probe  
  74  7:25  Probe  
  74  7:26  Probe  
  76  7:31  Probe  
  77  7:38  Probe  
  77  7:41  Zealot x3, Probe  
  77  7:43  Probe  
  86  7:50  Probe  
  85  7:53  Probe  
  79  8:02  Zealot x3  
Tags
 
Add a new tag
Caveats
  • Supply blocks, unpowered buildings, or Contaminate may cause inaccurate times.
  • Supply counts are checked every 10 seconds.